[ AOE2 MATCH · #477183255 ]
UnrankedBurgundians vs Cumans
[ REPLAY ANALYSIS · EXTRACTED FROM THE RECORDED GAME ]
Feudal
9:45
Castle
25:08
Imperial
—
| APM avg | 36.0 |
| APM peak | 82 |
| eAPM avg | 14.6 |
| Villagers / military | 66 / 59 |
Focus
⚔️ 33.5% · 🌾 66.5%
Archer ×57 · Spearman ×2
Feudal
8:57
Castle
24:17
Imperial
—
| APM avg | 45.9 |
| APM peak | 84 |
| eAPM avg | 17.9 |
| Villagers / military | 63 / 62 |
Focus
⚔️ 40.0% · 🌾 60.0%
Archer ×60 · Spearman ×2
Feudal
9:54
Castle
24:56
Imperial
—
| APM avg | 35.8 |
| APM peak | 87 |
| eAPM avg | 13.6 |
| Villagers / military | 78 / 35 |
Focus
⚔️ 18.6% · 🌾 81.4%
Knight ×17 · Scout Cavalry ×16 · Spearman ×2
Feudal
10:57
Castle
—
Imperial
—
| APM avg | 26.6 |
| APM peak | 74 |
| eAPM avg | 12.0 |
| Villagers / military | 45 / 31 |
Focus
⚔️ 30.0% · 🌾 70.0%
Scout Cavalry ×31
Feudal
9:38
Castle
27:41
Imperial
—
| APM avg | 71.4 |
| APM peak | 97 |
| eAPM avg | 32.6 |
| Villagers / military | 62 / 59 |
Focus
⚔️ 49.6% · 🌾 50.4%
Scout Cavalry ×52 · Spearman ×4 · Knight ×3
Feudal
10:32
Castle
25:32
Imperial
—
| APM avg | 41.2 |
| APM peak | 74 |
| eAPM avg | 20.7 |
| Villagers / military | 53 / 37 |
Focus
⚔️ 19.3% · 🌾 80.7%
Scout Cavalry ×13 · Skirmisher ×12 · Knight ×6 · Spearman ×4 · Mangonel ×2
Match map
Initial resources + every placement click. Lines = walls · curves = elevation contours. ◆ gold · ⬟ stone · ● berries · ✦ relic · ◌ wall gap
Your base· Open — unwalled flank
|FMG| Gral_Artigas's base· ✓ Closed at 24:17 · 41t walls · 1 gate(s)
ovejaelectrica's base· Open — unwalled flank
JesewitKing's base· Open — unwalled flank
|FMG| Lautreamont's base· ✓ Closed at 27:41 · 111t walls · 1 gate(s)
sevaslav's base· Open — 4t gap
Smoothed initial terrain · ◌ = detected wall gap · hover for details
Inputs per minute
— |FMG|DavidTG - - |FMG| Gral_Artigas
Build order — |FMG|DavidTG
First 150 of 193 actions detected
| 0:00 | Create | Villager (Male) |
| 0:02 | Build | House |
| 0:03 | Build | House |
| 0:08 | Create | Villager (Male) |
| 0:08 | Create | Villager (Male) |
| 0:14 | Create | Villager (Male) |
| 0:14 | Create | Villager (Male) |
| 1:23 | Create | Villager (Male) |
| 1:55 | Build | Lumber Camp |
| 1:58 | Create | Villager (Male) |
| 2:23 | Create | Villager (Male) |
| 2:56 | Create | Villager (Male) |
| 3:23 | Create | Villager (Male) |
| 3:24 | Create | Villager (Male) |
| 4:07 | Create | Villager (Male) |
| 4:10 | Create | Villager (Male) |
| 4:41 | Research | Double-Bit Axe |
| 4:53 | Build | House |
| 4:57 | Research | Loom |
| 5:02 | Create | Villager (Male) |
| 5:31 | Create | Villager (Male) |
| 5:54 | Create | Villager (Male) |
| 6:03 | Build | Mining Camp |
| 6:20 | Create | Villager (Male) |
| 7:02 | Create | Villager (Male) |
| 7:36 | Research | Feudal Age |
| 8:31 | Build | Barracks |
| 8:35 | Build | House |
| 8:53 | Build | Mill |
| 9:31 | Create | Villager (Male) |
| 9:45 | Age | Feudal Age |
| 9:49 | Build | Archery Range |
| 9:58 | Create | Villager (Male) |
| 10:14 | Build | Archery Range |
| 10:19 | Create | Villager (Male) |
| 10:28 | Build | Palisade Wall |
| 10:37 | Create | Villager (Male) |
| 10:42 | Create | Archer |
| 10:45 | Create | Archer |
| 10:53 | Research | Bow Saw |
| 11:05 | Create | Archer |
| 11:09 | Build | House |
| 11:15 | Create | Archer |
| 11:31 | Build | House |
| 11:33 | Create | Archer |
| 11:46 | Create | Villager (Male) |
| 11:53 | Build | House |
| 11:55 | Create | Archer |
| 12:11 | Create | Villager (Male) |
| 12:13 | Build | Blacksmith |
| 12:19 | Create | Archer |
| 12:31 | Create | Archer |
| 12:33 | Create | Villager (Male) |
| 12:36 | Build | Farm |
| 12:39 | Build | House |
| 12:46 | Create | Archer |
| 12:57 | Build | Farm |
| 13:09 | Create | Archer |
| 13:20 | Create | Villager (Male) |
| 13:55 | Create | Archer |
| 13:55 | Create | Archer |
| 13:57 | Create | Villager (Male) |
| 13:59 | Build | Farm |
| 14:23 | Create | Archer |
| 14:36 | Research | Wheelbarrow |
| 14:40 | Research | Fletching |
| 14:42 | Build | House |
| 14:44 | Build | Farm |
| 14:45 | Build | Farm |
| 14:54 | Create | Villager (Male) |
| 14:54 | Create | Villager (Male) |
| 14:58 | Build | Farm |
| 14:59 | Build | Farm |
| 15:00 | Build | Farm |
| 15:03 | Build | House |
| 15:04 | Create | Archer |
| 15:23 | Create | Villager (Male) |
| 15:31 | Create | Archer |
| 15:31 | Create | Archer |
| 15:36 | Create | Spearman |
| 15:42 | Create | Villager (Male) |
| 15:46 | Build | House |
| 15:51 | Create | Archer |
| 16:02 | Create | Villager (Male) |
| 16:13 | Create | Archer |
| 16:13 | Create | Villager (Male) |
| 16:25 | Create | Villager (Male) |
| 16:45 | Create | Villager (Male) |
| 16:58 | Create | Archer |
| 16:59 | Create | Archer |
| 17:00 | Create | Villager (Male) |
| 17:00 | Create | Villager (Male) |
| 17:19 | Create | Archer |
| 17:19 | Create | Archer |
| 17:20 | Create | Villager (Male) |
| 17:27 | Create | Villager (Male) |
| 17:30 | Create | Archer |
| 17:39 | Create | Villager (Male) |
| 17:41 | Build | House |
| 17:44 | Build | Farm |
| 17:46 | Build | Farm |
| 17:47 | Create | Villager (Male) |
| 17:52 | Create | Archer |
| 17:52 | Create | Archer |
| 18:00 | Build | Market |
| 18:09 | Create | Villager (Male) |
| 18:16 | Build | House |
| 18:19 | Build | House |
| 18:31 | Build | Palisade Wall |
| 18:35 | Build | House |
| 18:42 | Create | Villager (Male) |
| 18:48 | Create | Archer |
| 18:48 | Create | Archer |
| 19:11 | Create | Villager (Male) |
| 19:17 | Create | Villager (Male) |
| 19:19 | Build | Farm |
| 19:29 | Build | House |
| 19:33 | Create | Villager (Male) |
| 19:43 | Build | Farm |
| 19:47 | Build | Farm |
| 19:49 | Build | Farm |
| 19:52 | Create | Villager (Male) |
| 19:59 | Create | Villager (Male) |
| 20:10 | Build | Farm |
| 20:10 | Build | Farm |
| 20:10 | Build | Farm |
| 20:11 | Build | Farm |
| 20:14 | Create | Villager (Male) |
| 20:16 | Build | House |
| 20:28 | Create | Villager (Male) |
| 20:46 | Build | Farm |
| 20:54 | Research | Padded Archer Armor |
| 21:19 | Create | Archer |
| 21:20 | Create | Archer |
| 21:24 | Build | House |
| 21:27 | Create | Villager (Male) |
| 21:35 | Create | Archer |
| 21:35 | Create | Archer |
| 22:19 | Research | Castle Age |
| 22:30 | Build | House |
| 22:31 | Create | Archer |
| 22:31 | Create | Archer |
| 22:37 | Research | Gold Mining |
| 22:50 | Create | Archer |
| 22:50 | Create | Archer |
| 22:57 | Create | Spearman |
| 23:18 | Create | Archer |
| 23:18 | Create | Archer |
| 23:46 | Build | House |
| 23:49 | Create | Archer |
Build order — |FMG| Gral_Artigas
First 150 of 195 actions detected
| 0:02 | Create | Villager (Male) |
| 0:02 | Create | Villager (Male) |
| 0:03 | Build | House |
| 0:04 | Build | House |
| 0:21 | Create | Villager (Male) |
| 0:22 | Create | Villager (Male) |
| 0:22 | Create | Villager (Male) |
| 1:26 | Create | Villager (Male) |
| 1:26 | Create | Villager (Male) |
| 2:02 | Create | Villager (Male) |
| 2:02 | Create | Villager (Male) |
| 2:29 | Create | Villager (Male) |
| 2:29 | Create | Villager (Male) |
| 2:30 | Create | Villager (Male) |
| 2:47 | Create | Villager (Male) |
| 2:53 | Build | Lumber Camp |
| 3:05 | Create | Villager (Male) |
| 3:53 | Create | Villager (Male) |
| 3:58 | Build | House |
| 4:24 | Create | Villager (Male) |
| 4:24 | Create | Villager (Male) |
| 4:50 | Create | Villager (Male) |
| 4:50 | Create | Villager (Male) |
| 5:01 | Create | Villager (Male) |
| 5:04 | Build | Mining Camp |
| 5:40 | Research | Loom |
| 6:47 | Research | Feudal Age |
| 7:40 | Build | Barracks |
| 8:20 | Create | Villager (Male) |
| 8:25 | Build | House |
| 8:57 | Age | Feudal Age |
| 8:58 | Build | Archery Range |
| 9:01 | Build | Palisade Wall |
| 9:11 | Create | Villager (Male) |
| 9:37 | Build | Archery Range |
| 9:42 | Create | Villager (Male) |
| 9:45 | Create | Archer |
| 9:51 | Build | House |
| 9:54 | Build | Palisade Wall |
| 10:00 | Create | Villager (Male) |
| 10:01 | Create | Archer |
| 10:06 | Build | Palisade Wall |
| 10:22 | Create | Archer |
| 10:28 | Create | Archer |
| 10:38 | Build | House |
| 10:42 | Create | Villager (Male) |
| 10:42 | Create | Villager (Male) |
| 11:02 | Build | Palisade Wall |
| 11:08 | Create | Archer |
| 11:09 | Create | Archer |
| 11:09 | Create | Archer |
| 11:13 | Build | Palisade Wall |
| 11:31 | Create | Villager (Male) |
| 11:31 | Create | Villager (Male) |
| 11:31 | Create | Villager (Male) |
| 11:31 | Create | Villager (Male) |
| 11:34 | Create | Archer |
| 11:34 | Create | Archer |
| 11:34 | Create | Archer |
| 11:47 | Build | Blacksmith |
| 12:03 | Create | Archer |
| 12:04 | Create | Archer |
| 12:07 | Create | Spearman |
| 12:09 | Create | Villager (Male) |
| 12:22 | Build | Palisade Gate |
| 12:23 | Build | Palisade Wall |
| 12:34 | Build | House |
| 12:45 | Create | Archer |
| 12:45 | Create | Archer |
| 12:57 | Create | Villager (Male) |
| 12:58 | Create | Villager (Male) |
| 12:59 | Build | House |
| 13:09 | Create | Archer |
| 13:09 | Create | Archer |
| 13:17 | Build | House |
| 13:24 | Build | Palisade Wall |
| 13:30 | Create | Villager (Male) |
| 13:39 | Build | House |
| 13:51 | Build | House |
| 14:03 | Create | Archer |
| 14:09 | Build | Mill |
| 14:21 | Create | Archer |
| 14:21 | Create | Archer |
| 14:33 | Build | House |
| 14:36 | Create | Archer |
| 14:37 | Create | Villager (Male) |
| 14:49 | Create | Spearman |
| 14:52 | Create | Archer |
| 15:00 | Build | House |
| 15:07 | Build | House |
| 15:08 | Create | Archer |
| 15:30 | Create | Archer |
| 15:30 | Create | Archer |
| 15:32 | Create | Villager (Male) |
| 15:35 | Build | Farm |
| 15:46 | Create | Villager (Male) |
| 16:00 | Build | Farm |
| 16:10 | Create | Archer |
| 16:20 | Build | House |
| 16:21 | Build | House |
| 16:24 | Create | Villager (Male) |
| 16:31 | Build | Farm |
| 16:36 | Create | Archer |
| 16:36 | Create | Archer |
| 16:56 | Research | Fletching |
| 16:59 | Build | Farm |
| 17:05 | Create | Archer |
| 17:05 | Create | Archer |
| 17:32 | Create | Villager (Male) |
| 17:32 | Create | Villager (Male) |
| 17:36 | Build | Farm |
| 17:37 | Build | Farm |
| 17:39 | Create | Archer |
| 17:39 | Create | Archer |
| 17:50 | Build | House |
| 17:51 | Build | Palisade Wall |
| 17:54 | Create | Archer |
| 17:54 | Create | Archer |
| 17:59 | Create | Villager (Male) |
| 18:00 | Create | Villager (Male) |
| 18:07 | Create | Villager (Male) |
| 18:07 | Create | Villager (Male) |
| 18:12 | Create | Archer |
| 18:16 | Build | Farm |
| 18:29 | Create | Archer |
| 18:29 | Create | Archer |
| 18:52 | Create | Villager (Male) |
| 19:37 | Create | Archer |
| 19:37 | Create | Archer |
| 19:56 | Create | Archer |
| 19:56 | Create | Archer |
| 19:57 | Create | Villager (Male) |
| 19:57 | Create | Villager (Male) |
| 20:11 | Create | Villager (Male) |
| 20:13 | Build | Market |
| 20:15 | Create | Villager (Male) |
| 20:21 | Create | Archer |
| 20:21 | Create | Archer |
| 20:30 | Build | Farm |
| 20:30 | Build | Farm |
| 20:31 | Build | Farm |
| 20:41 | Create | Archer |
| 20:41 | Create | Archer |
| 21:27 | Research | Castle Age |
| 21:28 | Create | Archer |
| 21:29 | Create | Archer |
| 21:48 | Create | Archer |
| 22:02 | Build | Lumber Camp |
| 22:07 | Research | Double-Bit Axe |
| 22:09 | Create | Archer |
Build order — ovejaelectrica
First 150 of 175 actions detected
| 0:02 | Build | House |
| 0:04 | Build | House |
| 0:04 | Create | Villager (Male) |
| 0:05 | Create | Villager (Male) |
| 0:05 | Create | Villager (Male) |
| 0:05 | Create | Villager (Male) |
| 1:27 | Create | Villager (Male) |
| 2:02 | Create | Villager (Male) |
| 2:16 | Build | Lumber Camp |
| 2:39 | Create | Villager (Male) |
| 2:39 | Create | Villager (Male) |
| 2:58 | Create | Villager (Male) |
| 2:58 | Create | Villager (Male) |
| 3:33 | Build | House |
| 3:35 | Build | House |
| 3:38 | Create | Villager (Male) |
| 3:38 | Create | Villager (Male) |
| 4:39 | Create | Villager (Male) |
| 4:39 | Create | Villager (Male) |
| 4:44 | Build | House |
| 5:17 | Create | Villager (Male) |
| 5:43 | Build | Mill |
| 6:12 | Create | Villager (Male) |
| 6:12 | Create | Villager (Male) |
| 6:13 | Create | Villager (Male) |
| 7:02 | Research | Loom |
| 7:44 | Research | Feudal Age |
| 8:32 | Build | Barracks |
| 9:21 | Build | House |
| 9:52 | Create | Villager (Male) |
| 9:53 | Create | Villager (Male) |
| 9:54 | Age | Feudal Age |
| 9:57 | Build | Stable |
| 10:02 | Create | Villager (Male) |
| 10:02 | Create | Villager (Male) |
| 10:08 | Build | Town Center |
| 10:12 | Create | Villager (Male) |
| 10:13 | Create | Villager (Male) |
| 10:17 | Research | Double-Bit Axe |
| 10:45 | Create | Scout Cavalry |
| 10:50 | Build | Farm |
| 10:56 | Build | Palisade Wall |
| 11:11 | Create | Scout Cavalry |
| 11:31 | Build | Farm |
| 11:41 | Create | Villager (Male) |
| 12:00 | Create | Villager (Male) |
| 12:00 | Create | Villager (Male) |
| 12:19 | Build | Farm |
| 12:22 | Build | Farm |
| 12:24 | Create | Villager (Male) |
| 12:25 | Create | Villager (Male) |
| 12:32 | Build | Farm |
| 12:44 | Build | Farm |
| 12:50 | Build | Farm |
| 12:51 | Create | Villager (Male) |
| 12:58 | Build | Farm |
| 13:10 | Create | Villager (Male) |
| 13:33 | Create | Villager (Male) |
| 13:37 | Build | Farm |
| 13:38 | Build | Farm |
| 13:39 | Build | Farm |
| 13:41 | Create | Villager (Male) |
| 13:50 | Create | Scout Cavalry |
| 13:55 | Build | Farm |
| 14:06 | Create | Villager (Male) |
| 14:12 | Create | Spearman |
| 14:12 | Create | Spearman |
| 14:28 | Create | Scout Cavalry |
| 14:31 | Build | Blacksmith |
| 14:37 | Create | Villager (Male) |
| 14:47 | Create | Scout Cavalry |
| 15:07 | Build | Farm |
| 15:14 | Create | Scout Cavalry |
| 15:19 | Create | Villager (Male) |
| 15:21 | Build | Farm |
| 15:25 | Build | Farm |
| 15:27 | Build | Farm |
| 15:32 | Build | Farm |
| 15:33 | Create | Villager (Male) |
| 15:34 | Create | Villager (Male) |
| 15:52 | Build | House |
| 15:53 | Build | House |
| 15:58 | Build | Farm |
| 16:03 | Create | Scout Cavalry |
| 16:06 | Create | Villager (Male) |
| 16:07 | Create | Villager (Male) |
| 16:11 | Build | Farm |
| 16:29 | Build | Farm |
| 16:33 | Build | Farm |
| 16:34 | Create | Villager (Male) |
| 16:37 | Build | Farm |
| 16:38 | Create | Villager (Male) |
| 16:40 | Create | Scout Cavalry |
| 16:48 | Build | House |
| 16:50 | Build | House |
| 17:01 | Research | Forging |
| 17:22 | Build | Farm |
| 17:23 | Build | Farm |
| 17:24 | Create | Villager (Male) |
| 17:25 | Create | Villager (Male) |
| 17:36 | Create | Villager (Male) |
| 17:41 | Create | Villager (Male) |
| 17:46 | Build | Stable |
| 17:49 | Create | Villager (Male) |
| 17:51 | Create | Villager (Male) |
| 17:54 | Build | Farm |
| 18:01 | Build | Farm |
| 18:27 | Research | Scale Barding Armor |
| 18:35 | Create | Scout Cavalry ×3 |
| 18:52 | Create | Villager (Male) |
| 18:54 | Build | Farm |
| 18:54 | Build | Farm |
| 18:56 | Build | Farm |
| 18:57 | Build | Farm |
| 19:01 | Build | Mining Camp |
| 19:04 | Create | Villager (Male) |
| 19:04 | Create | Villager (Male) |
| 19:13 | Create | Scout Cavalry ×2 |
| 19:18 | Create | Villager (Male) |
| 19:34 | Create | Villager (Male) |
| 19:36 | Create | Villager (Male) |
| 19:40 | Build | Farm |
| 19:46 | Build | Farm |
| 19:47 | Build | Farm |
| 19:48 | Build | Farm |
| 20:25 | Create | Villager (Male) |
| 20:27 | Build | Farm |
| 20:28 | Build | Farm |
| 20:29 | Create | Villager (Male) |
| 20:29 | Create | Villager (Male) |
| 20:30 | Create | Villager (Male) |
| 21:04 | Create | Villager (Male) |
| 21:05 | Create | Villager (Male) |
| 21:07 | Build | Farm |
| 21:08 | Create | Villager (Male) |
| 21:10 | Build | Farm |
| 21:16 | Build | Watch Tower |
| 21:25 | Create | Scout Cavalry |
| 21:26 | Create | Scout Cavalry |
| 21:26 | Create | Scout Cavalry |
| 21:28 | Create | Villager (Male) |
| 21:49 | Create | Villager (Male) |
| 21:54 | Build | House |
| 21:55 | Build | House |
| 21:57 | Build | House |
| 22:16 | Research | Castle Age |
| 23:10 | Create | Villager (Male) |
| 23:18 | Build | Stable |
| 23:20 | Build | Farm |
| 23:36 | Build | House |
Build order — JesewitKing
129 actions detected in the replay
| 0:02 | Create | Villager (Male) ×4 |
| 0:03 | Build | House |
| 0:05 | Build | House |
| 1:29 | Create | Villager (Male) |
| 1:30 | Create | Villager (Male) |
| 2:14 | Build | Lumber Camp |
| 2:54 | Create | Villager (Male) |
| 2:54 | Create | Villager (Male) |
| 2:54 | Create | Villager (Male) |
| 2:55 | Create | Villager (Male) |
| 3:35 | Build | House |
| 3:57 | Create | Villager (Male) |
| 3:57 | Create | Villager (Male) |
| 3:57 | Create | Villager (Male) |
| 4:31 | Research | Loom |
| 5:10 | Create | Villager (Male) |
| 5:11 | Create | Villager (Male) |
| 5:15 | Build | Mill |
| 5:38 | Create | Villager (Male) |
| 5:38 | Create | Villager (Male) |
| 5:38 | Create | Villager (Male) |
| 5:38 | Create | Villager (Male) |
| 5:39 | Create | Villager (Male) |
| 5:52 | Build | House |
| 6:54 | Build | Mill |
| 7:49 | Create | Villager (Male) |
| 8:22 | Create | Villager (Male) |
| 8:44 | Research | Feudal Age |
| 9:14 | Build | Barracks |
| 9:29 | Build | House |
| 10:10 | Build | Farm |
| 10:12 | Build | Farm |
| 10:43 | Create | Villager (Male) ×5 |
| 10:57 | Age | Feudal Age |
| 11:10 | Build | Stable |
| 11:38 | Research | Horse Collar |
| 11:50 | Create | Scout Cavalry |
| 11:51 | Create | Scout Cavalry |
| 11:56 | Research | Double-Bit Axe |
| 12:18 | Build | Farm |
| 12:29 | Create | Scout Cavalry |
| 12:34 | Build | Farm |
| 12:54 | Build | Farm |
| 13:04 | Create | Scout Cavalry |
| 13:20 | Build | Lumber Camp |
| 13:22 | Create | Scout Cavalry |
| 13:33 | Create | Villager (Male) |
| 13:43 | Build | Farm |
| 14:14 | Create | Scout Cavalry |
| 14:17 | Build | Stable |
| 14:28 | Create | Villager (Male) |
| 14:29 | Create | Villager (Male) |
| 14:35 | Create | Scout Cavalry |
| 14:59 | Create | Scout Cavalry |
| 15:00 | Create | Scout Cavalry |
| 15:03 | Create | Villager (Male) |
| 15:05 | Build | Farm |
| 15:06 | Build | Farm |
| 15:06 | Build | Farm |
| 15:06 | Build | Farm |
| 15:06 | Build | Farm |
| 15:07 | Build | Farm |
| 15:21 | Build | Farm |
| 15:26 | Create | Villager (Male) |
| 15:33 | Build | Farm |
| 15:49 | Create | Scout Cavalry |
| 15:50 | Create | Scout Cavalry |
| 15:55 | Build | Blacksmith |
| 16:14 | Create | Scout Cavalry |
| 16:30 | Create | Scout Cavalry |
| 16:57 | Create | Villager (Male) |
| 16:58 | Create | Villager (Male) |
| 17:23 | Create | Scout Cavalry |
| 17:23 | Create | Scout Cavalry |
| 18:19 | Create | Scout Cavalry |
| 18:27 | Build | Watch Tower |
| 18:32 | Create | Villager (Male) |
| 18:33 | Create | Villager (Male) |
| 18:34 | Create | Villager (Male) |
| 19:17 | Build | Farm |
| 19:18 | Build | Farm |
| 19:18 | Build | Farm |
| 19:18 | Build | Farm |
| 19:18 | Build | Farm |
| 19:19 | Build | Farm |
| 19:19 | Build | Farm |
| 19:19 | Build | Farm |
| 19:20 | Build | Farm |
| 19:33 | Create | Scout Cavalry |
| 19:37 | Create | Scout Cavalry |
| 20:06 | Create | Scout Cavalry |
| 20:09 | Create | Villager (Male) |
| 20:10 | Create | Villager (Male) |
| 20:14 | Build | Farm |
| 20:14 | Build | Farm |
| 20:20 | Create | Villager (Male) |
| 20:53 | Research | Scale Barding Armor |
| 20:54 | Research | Scale Barding Armor |
| 21:22 | Create | Villager (Male) |
| 21:30 | Research | Forging |
| 21:41 | Create | Scout Cavalry |
| 21:42 | Create | Scout Cavalry |
| 21:59 | Create | Scout Cavalry |
| 22:11 | Build | Farm |
| 22:20 | Research | Fletching |
| 22:31 | Build | Farm |
| 22:31 | Build | Farm |
| 22:41 | Build | Farm |
| 22:43 | Create | Scout Cavalry |
| 22:51 | Create | Villager (Male) |
| 22:51 | Create | Villager (Male) |
| 23:16 | Create | Villager (Male) |
| 23:21 | Build | Farm |
| 23:27 | Create | Scout Cavalry |
| 23:38 | Build | Farm |
| 23:41 | Build | Farm |
| 23:47 | Create | Scout Cavalry |
| 24:06 | Create | Scout Cavalry |
| 24:21 | Create | Scout Cavalry |
| 24:37 | Build | Mining Camp |
| 24:42 | Create | Scout Cavalry |
| 24:42 | Create | Scout Cavalry |
| 24:58 | Create | Villager (Male) |
| 25:14 | Create | Scout Cavalry |
| 25:29 | Create | Scout Cavalry |
| 25:34 | Build | Farm |
| 25:35 | Build | Farm |
| 25:35 | Build | Farm |
| 25:35 | Build | Farm |
Build order — |FMG| Lautreamont
First 150 of 195 actions detected
| 0:01 | Create | Villager (Male) |
| 0:01 | Create | Villager (Male) |
| 0:01 | Create | Villager (Male) |
| 0:01 | Create | Villager (Male) |
| 0:03 | Build | House |
| 0:04 | Build | House |
| 1:34 | Create | Villager (Male) |
| 2:03 | Build | Lumber Camp |
| 2:09 | Create | Villager (Male) |
| 2:36 | Create | Villager (Male) |
| 2:58 | Create | Villager (Male) |
| 3:14 | Create | Villager (Male) |
| 3:54 | Create | Villager (Male) |
| 4:09 | Create | Villager (Male) |
| 4:22 | Build | House |
| 4:26 | Build | House |
| 4:52 | Build | Mill |
| 4:55 | Create | Villager (Male) |
| 4:56 | Create | Villager (Male) |
| 4:56 | Create | Villager (Male) |
| 5:24 | Create | Villager (Male) |
| 5:34 | Create | Villager (Male) |
| 6:23 | Create | Villager (Male) |
| 6:49 | Research | Loom |
| 6:54 | Create | Villager (Male) |
| 7:09 | Research | Loom |
| 7:28 | Research | Feudal Age |
| 8:34 | Build | Palisade Gate |
| 9:02 | Build | Barracks |
| 9:26 | Create | Villager (Male) |
| 9:36 | Build | Farm |
| 9:38 | Age | Feudal Age |
| 9:46 | Research | Double-Bit Axe |
| 9:49 | Research | Horse Collar |
| 9:51 | Create | Villager (Male) |
| 9:54 | Build | Stable |
| 9:58 | Create | Villager (Male) |
| 10:22 | Build | Farm |
| 10:27 | Build | House |
| 10:30 | Create | Villager (Male) |
| 10:36 | Create | Scout Cavalry |
| 10:50 | Create | Villager (Male) |
| 10:54 | Build | Farm |
| 10:57 | Build | House |
| 11:13 | Create | Villager (Male) |
| 11:13 | Create | Scout Cavalry |
| 11:18 | Build | House |
| 11:19 | Build | House |
| 11:21 | Create | Villager (Male) |
| 11:39 | Create | Scout Cavalry |
| 11:55 | Build | Palisade Wall |
| 12:04 | Create | Villager (Male) |
| 12:07 | Create | Scout Cavalry |
| 12:16 | Build | Palisade Wall |
| 12:26 | Create | Villager (Male) |
| 12:31 | Create | Spearman |
| 12:42 | Create | Villager (Male) |
| 12:48 | Build | Farm |
| 12:48 | Build | Farm |
| 12:49 | Build | Farm |
| 12:51 | Build | Farm |
| 13:06 | Create | Scout Cavalry |
| 13:12 | Create | Villager (Male) |
| 13:12 | Create | Villager (Male) |
| 13:25 | Build | House |
| 13:41 | Create | Scout Cavalry |
| 13:47 | Create | Villager (Male) |
| 13:47 | Create | Villager (Male) |
| 13:53 | Build | Lumber Camp |
| 13:55 | Build | House |
| 14:06 | Create | Villager (Male) |
| 14:06 | Create | Villager (Male) |
| 14:07 | Create | Villager (Male) |
| 14:08 | Build | Farm |
| 14:17 | Build | Blacksmith |
| 14:19 | Build | House |
| 14:25 | Create | Villager (Male) |
| 14:25 | Create | Villager (Male) |
| 14:44 | Create | Villager (Male) |
| 14:57 | Build | Farm |
| 14:58 | Build | Farm |
| 14:58 | Create | Villager (Male) |
| 15:02 | Create | Scout Cavalry |
| 15:02 | Create | Scout Cavalry |
| 15:17 | Research | Forging |
| 15:25 | Create | Scout Cavalry |
| 15:26 | Create | Scout Cavalry |
| 15:28 | Build | Palisade Wall |
| 15:30 | Create | Villager (Male) |
| 15:39 | Build | Palisade Wall |
| 15:48 | Create | Scout Cavalry |
| 16:12 | Create | Villager (Male) |
| 16:16 | Build | Farm |
| 16:16 | Build | Farm |
| 16:16 | Build | Farm |
| 16:16 | Build | Farm |
| 16:17 | Build | Farm |
| 16:22 | Build | Palisade Wall |
| 16:25 | Create | Scout Cavalry |
| 16:30 | Build | Mining Camp |
| 16:47 | Create | Villager (Male) |
| 16:50 | Build | Palisade Wall |
| 16:55 | Create | Villager (Male) |
| 17:09 | Build | Palisade Wall |
| 17:14 | Build | Palisade Wall |
| 17:22 | Create | Spearman ×3 |
| 17:34 | Create | Villager (Male) |
| 17:34 | Create | Villager (Male) |
| 17:41 | Build | Stable |
| 18:03 | Build | House |
| 18:09 | Create | Villager (Male) |
| 18:18 | Create | Scout Cavalry |
| 18:32 | Create | Villager (Male) |
| 18:39 | Create | Villager (Male) |
| 18:47 | Create | Scout Cavalry |
| 18:52 | Build | Palisade Gate |
| 18:57 | Build | Palisade Wall |
| 19:06 | Create | Villager (Male) |
| 19:09 | Build | Farm |
| 19:11 | Build | Farm |
| 19:15 | Build | Mill |
| 19:15 | Build | Farm |
| 19:15 | Build | Farm |
| 19:16 | Build | Farm |
| 19:16 | Build | Farm |
| 19:16 | Build | Farm |
| 19:16 | Build | Farm |
| 19:16 | Create | Villager (Male) |
| 19:17 | Create | Villager (Male) |
| 19:25 | Create | Villager (Male) |
| 19:41 | Create | Villager (Male) |
| 20:08 | Create | Villager (Male) |
| 20:21 | Build | House |
| 20:24 | Build | House |
| 20:29 | Build | Palisade Wall |
| 20:41 | Research | Scale Barding Armor |
| 20:43 | Create | Villager (Male) |
| 20:47 | Build | Market |
| 21:08 | Build | Farm |
| 21:16 | Create | Villager (Male) |
| 21:21 | Build | Farm |
| 21:24 | Create | Villager (Male) |
| 21:44 | Research | Wheelbarrow |
| 21:50 | Build | Farm |
| 21:59 | Build | Farm |
| 22:09 | Create | Scout Cavalry ×4 |
| 22:10 | Create | Scout Cavalry ×4 |
| 22:38 | Build | Palisade Wall |
| 22:40 | Build | Palisade Wall |
| 22:55 | Create | Scout Cavalry ×5 |
Build order — sevaslav
148 actions detected in the replay
| 0:01 | Create | Villager (Male) ×4 |
| 0:03 | Build | House |
| 0:06 | Build | House |
| 1:25 | Create | Villager (Male) |
| 2:02 | Create | Villager (Male) |
| 2:17 | Create | Villager (Male) |
| 2:50 | Create | Villager (Male) |
| 2:50 | Create | Villager (Male) |
| 3:14 | Create | Villager (Male) ×2 |
| 3:14 | Create | Villager (Male) ×2 |
| 4:03 | Build | House |
| 4:04 | Create | Villager (Male) ×4 |
| 4:11 | Build | Lumber Camp |
| 4:28 | Build | House |
| 5:06 | Build | Palisade Wall |
| 5:28 | Build | Palisade Wall |
| 5:42 | Create | Villager (Male) ×5 |
| 6:09 | Create | Villager (Male) ×2 |
| 6:28 | Build | Mill |
| 6:43 | Create | Villager (Male) |
| 7:05 | Build | House |
| 7:14 | Build | Palisade Wall |
| 7:17 | Build | Palisade Wall |
| 7:22 | Create | Villager (Male) ×2 |
| 7:50 | Research | Loom |
| 8:22 | Research | Feudal Age |
| 9:15 | Build | Barracks |
| 9:29 | Build | House |
| 9:51 | Create | Villager (Male) |
| 10:12 | Build | House |
| 10:32 | Age | Feudal Age |
| 10:36 | Build | Palisade Wall |
| 10:38 | Build | Stable |
| 10:40 | Create | Spearman |
| 10:40 | Create | Spearman |
| 10:43 | Create | Villager (Male) |
| 11:34 | Create | Villager (Male) |
| 11:35 | Create | Scout Cavalry |
| 11:35 | Create | Scout Cavalry |
| 11:35 | Create | Scout Cavalry |
| 12:00 | Build | Farm |
| 12:02 | Build | Farm |
| 12:04 | Build | Farm |
| 12:05 | Build | Farm |
| 12:10 | Create | Villager (Male) |
| 12:10 | Create | Villager (Male) |
| 12:23 | Build | Farm |
| 12:25 | Build | Farm |
| 12:29 | Build | Farm |
| 12:32 | Build | House |
| 12:35 | Build | Farm |
| 12:38 | Create | Scout Cavalry |
| 12:55 | Create | Villager (Male) |
| 12:59 | Build | Farm |
| 13:31 | Create | Scout Cavalry |
| 13:40 | Build | Blacksmith |
| 13:43 | Create | Scout Cavalry |
| 13:54 | Build | Farm |
| 14:02 | Build | Watch Tower |
| 14:07 | Build | House |
| 14:08 | Build | House |
| 14:22 | Create | Villager (Male) |
| 14:34 | Build | Mining Camp |
| 14:36 | Create | Villager (Male) |
| 14:43 | Build | House |
| 14:57 | Build | House |
| 15:10 | Build | House |
| 15:17 | Create | Scout Cavalry |
| 15:20 | Research | Scale Barding Armor |
| 15:22 | Create | Villager (Male) |
| 15:38 | Build | House |
| 15:41 | Build | House |
| 15:45 | Build | House |
| 15:56 | Create | Scout Cavalry |
| 16:13 | Build | Farm |
| 16:15 | Create | Villager (Male) |
| 16:31 | Create | Villager (Male) |
| 16:48 | Build | Outpost |
| 16:56 | Build | Outpost |
| 17:05 | Build | Outpost |
| 17:13 | Build | Outpost |
| 17:27 | Research | Bloodlines |
| 17:43 | Build | Archery Range |
| 17:56 | Build | Farm |
| 17:59 | Build | Farm |
| 18:02 | Create | Scout Cavalry |
| 18:17 | Create | Skirmisher |
| 18:17 | Create | Skirmisher |
| 18:26 | Build | House |
| 18:30 | Build | House |
| 18:33 | Build | House |
| 18:39 | Build | House |
| 18:41 | Build | House |
| 18:45 | Create | Skirmisher |
| 18:46 | Create | Scout Cavalry |
| 19:20 | Create | Scout Cavalry |
| 19:21 | Create | Skirmisher |
| 19:36 | Create | Scout Cavalry |
| 19:37 | Create | Skirmisher |
| 20:00 | Create | Skirmisher |
| 20:01 | Create | Villager (Male) |
| 20:06 | Build | Farm |
| 20:20 | Build | Farm |
| 20:23 | Build | Farm |
| 20:25 | Build | Farm |
| 20:28 | Build | Farm |
| 20:30 | Create | Villager (Male) |
| 20:50 | Build | House |
| 20:58 | Build | Market |
| 21:01 | Create | Villager (Male) |
| 21:03 | Build | Farm |
| 21:37 | Create | Villager (Male) |
| 21:50 | Build | Farm |
| 22:42 | Build | Farm |
| 22:52 | Research | Castle Age |
| 22:53 | Research | Castle Age |
| 23:07 | Create | Scout Cavalry |
| 23:57 | Create | Villager (Male) ×5 |
| 24:15 | Create | Skirmisher |
| 24:15 | Create | Skirmisher |
| 24:16 | Create | Spearman |
| 24:16 | Create | Spearman |
| 24:26 | Research | Horse Collar |
| 24:26 | Research | Horse Collar |
| 24:28 | Research | Double-Bit Axe |
| 24:30 | Research | Gold Mining |
| 24:39 | Create | Skirmisher |
| 25:21 | Create | Skirmisher |
| 25:26 | Research | Fletching |
| 25:32 | Age | Castle Age |
| 25:36 | Create | Knight |
| 25:38 | Create | Villager (Male) |
| 25:39 | Create | Villager (Male) |
| 26:13 | Build | Siege Workshop |
| 26:22 | Build | House |
| 26:26 | Create | Knight |
| 26:27 | Create | Knight |
| 26:49 | Create | Villager (Male) ×4 |
| 27:03 | Create | Mangonel |
| 27:08 | Create | Knight |
| 27:28 | Build | House |
| 27:32 | Build | House |
| 27:37 | Build | Stone Wall |
| 27:47 | Create | Knight |
| 28:14 | Create | Knight |
| 28:20 | Create | Mangonel |
| 28:47 | Create | Skirmisher |
| 29:14 | Create | Skirmisher |
Match timeline
| 5:06 | sevaslav · wall_segment Palisade Wall x4 |
| 5:28 | sevaslav · wall_segment Palisade Wall x1 |
| 7:14 | sevaslav · wall_segment Palisade Wall x1 |
| 7:17 | sevaslav · wall_segment Palisade Wall x11 |
| 7:40 | |FMG| Gral_Artigas · first_building Barracks |
| 8:31 | |FMG|DavidTG · first_building Barracks |
| 8:32 | ovejaelectrica · first_building Barracks |
| 8:57 | |FMG| Gral_Artigas · age_up feudal |
| 8:58 | |FMG| Gral_Artigas · first_building Archery Range |
| 9:01 | |FMG| Gral_Artigas · wall_segment Palisade Wall x1 |
| 9:02 | |FMG| Lautreamont · first_building Barracks |
| 9:14 | JesewitKing · first_building Barracks |
| 9:15 | sevaslav · first_building Barracks |
| 9:38 | |FMG| Lautreamont · age_up feudal |
| 9:45 | |FMG|DavidTG · age_up feudal |
| 9:49 | |FMG|DavidTG · first_building Archery Range |
| 9:54 | ovejaelectrica · age_up feudal |
| 9:54 | |FMG| Gral_Artigas · wall_segment Palisade Wall x11 |
| 9:54 | |FMG| Lautreamont · first_building Stable |
| 9:57 | ovejaelectrica · first_building Stable |
| 10:06 | |FMG| Gral_Artigas · wall_segment Palisade Wall x4 |
| 10:28 | |FMG|DavidTG · wall_segment Palisade Wall x1 |
| 10:32 | sevaslav · age_up feudal |
| 10:36 | sevaslav · wall_segment Palisade Wall x3 |
| 10:38 | sevaslav · first_building Stable |
| 10:56 | ovejaelectrica · wall_segment Palisade Wall x9 |
| 10:57 | JesewitKing · age_up feudal |
| 11:02 | |FMG| Gral_Artigas · wall_segment Palisade Wall x12 |
| 11:10 | JesewitKing · first_building Stable |
| 11:13 | |FMG| Gral_Artigas · wall_segment Palisade Wall x8 |
| 11:55 | |FMG| Lautreamont · wall_segment Palisade Wall x3 |
| 12:16 | |FMG| Lautreamont · wall_segment Palisade Wall x5 |
| 12:23 | |FMG| Gral_Artigas · wall_segment Palisade Wall x3 |
| 13:24 | |FMG| Gral_Artigas · wall_segment Palisade Wall x1 |
| 15:28 | |FMG| Lautreamont · wall_segment Palisade Wall x8 |
| 15:39 | |FMG| Lautreamont · wall_segment Palisade Wall x18 |
| 16:22 | |FMG| Lautreamont · wall_segment Palisade Wall x15 |
| 16:50 | |FMG| Lautreamont · wall_segment Palisade Wall x15 |
| 17:09 | |FMG| Lautreamont · wall_segment Palisade Wall x9 |
| 17:14 | |FMG| Lautreamont · wall_segment Palisade Wall x22 |
| 17:43 | sevaslav · first_building Archery Range |
| 17:51 | |FMG| Gral_Artigas · wall_segment Palisade Wall x1 |
| 18:31 | |FMG|DavidTG · wall_segment Palisade Wall x1 |
| 18:57 | |FMG| Lautreamont · wall_segment Palisade Wall x9 |
| 20:29 | |FMG| Lautreamont · wall_segment Palisade Wall x1 |
| 21:08 | |FMG| Gral_Artigas · first_market_sell 100 stone |
| 21:09 | |FMG| Gral_Artigas · first_market_buy 100 food |
| 21:48 | |FMG|DavidTG · first_market_sell 100 wood |
| 21:54 | |FMG|DavidTG · first_market_buy 100 food |
| 22:36 | sevaslav · first_market_buy 100 food |
| 22:38 | |FMG| Lautreamont · wall_segment Palisade Wall x10 |
| 22:39 | |FMG| Gral_Artigas · wall_segment Palisade Wall x1 |
| 22:40 | |FMG| Lautreamont · wall_segment Palisade Wall x9 |
| 24:17 | |FMG| Gral_Artigas · age_up castle |
| 24:49 | |FMG| Lautreamont · wall_segment Palisade Wall x1 |
| 24:50 | |FMG| Lautreamont · wall_segment Palisade Wall x1 |
| 24:56 | ovejaelectrica · age_up castle |
| 25:00 | |FMG| Lautreamont · first_market_buy 100 food |
| 25:08 | |FMG|DavidTG · age_up castle |
| 25:32 | sevaslav · age_up castle |
| 26:03 | ovejaelectrica · first_building Castle |
| 26:13 | sevaslav · first_building Siege Workshop |
| 26:36 | JesewitKing · resign |
| 27:37 | sevaslav · wall_segment Stone Wall x1 |
| 27:41 | |FMG| Lautreamont · age_up castle |
[ AI ANALYSIS · 1 CREDIT ]
What really happened in this match?
Wolo.gg analyzes every decision: build order, eco, micro, common mistakes by bracket. Personalized analysis on WhatsApp or Discord in 30 seconds.
Civ guide
Burgundians
Perfil
Jugador #4465309